AoeStats
← ME_DEPRIME_JUGAR_CON_USTEDES

Lombardia

507641411Analyzed
4v4 RM · 12d ago on Sep 19, 2026· 61m 45s· 8 players
Game mode
Random Map
Map size
Large (8 player)
Population
200
Speed
Normal
Resources
Standard
Victory
Conquest
Starting age
Dark Age
Ending age
Imperial Age
RankedLock teamsTeams togetherTeam positionsShared explorationLock speedFull tech treeHidden civsTurbo modeCheats
Victory
Defeat
1505
+13
🇦🇷 Britons · Argentina
1414
+16
🇦🇷 Franks · Argentina
1362
+18
🇦🇷 Lithuanians · Argentina
1346
+20
🇺🇸 Aztecs · United States
1443
-18
🇺🇸 Persians · United States
1441
-18
🇺🇸 Bulgarians · United States
1405
-16
🇺🇸 Teutons · United States
1390
-15
JLoops
10:55 Feudal Age
11:25 Loom
14:37 Castle Age
12:43 Double-Bit Axe
12:39 Horse Collar
14:12 Gold Mining
16:09 Bow Saw
16:24 Heavy Plow
20:17 Heavy Plow
22:16 Wheelbarrow
22:23 Wheelbarrow
23:53 Hand Cart
26:27 Town Watch
29:16 Imperial Age
27:27 Gold Shaft Mining
26:44 Stone Mining
26:45 Fletching
27:40 Bodkin Arrow
28:30 Ballistics
28:24 Town Patrol
29:45 Yeomen
29:51 Padded Archer Armor
30:03 Masonry
30:03 Bracer
31:04 Chemistry
30:41 Siphons
31:03 Leather Archer Armor
31:20 Architecture
31:13 Conscription
31:04 Elite Longbowman
32:41 Murder Holes
34:40 Caravan
35:11 Ring Archer Armor
35:43 Two-Man Saw
34:51 Pikeman
35:32 Squires
36:32 Fortified Wall
36:26 Halberdier
37:17 Forging
39:08 Hoardings
39:59 Iron Casting
40:45 Gambesons
41:00 Scale Mail Armor
42:41 Blast Furnace
42:38 Man-at-Arms
43:04 Arson
43:35 Chain Mail Armor
43:53 Warwolf
44:03 Long Swordsman
45:14 Plate Mail Armor
44:38 Two-Handed Swordsman
45:22 Champion
46:25 Siege Engineers
59:36 Siphons
350 pero pregriloso
8:45 Loom
11:59 Feudal Age
17:29 Castle Age
16:30 Double-Bit Axe
17:32 Horse Collar
18:23 Bow Saw
19:34 Heavy Plow
26:20 Wheelbarrow
25:33 Town Watch
26:31 Caravan
27:05 Scale Barding Armor
30:43 Gold Mining
34:30 Imperial Age
33:19 Chain Barding Armor
33:09 Forging
34:49 Fortified Wall
36:08 Plate Barding Armor
36:09 Iron Casting
35:27 Pikeman
36:07 Squires
36:21 Scale Mail Armor
37:03 Plate Barding Armor
37:48 Two-Man Saw
37:02 Halberdier
37:55 Arson
39:47 Hand Cart
40:41 Chain Mail Armor
40:57 Conscription
41:54 Tower Shields
43:13 Husbandry
43:23 Bloodlines
43:57 Crop Rotation
43:25 Cavalier
43:26 Light Cavalry
45:51 Fletching
46:01 Padded Archer Armor
47:02 Bodkin Arrow
47:21 Winged Hussar
49:09 Capped Ram
53:47 Elite Leitis
55:30 Bracer
Nikems
5:10 Loom
11:19 Feudal Age
16:51 Wheelbarrow
20:56 Castle Age
19:21 Double-Bit Axe
20:19 Stone Mining
20:20 Gold Mining
23:25 Bow Saw
26:43 Gold Shaft Mining
27:34 Fletching
30:15 Hand Cart
33:06 Imperial Age
30:59 Caravan
31:39 Scale Barding Armor
31:46 Forging
32:19 Husbandry
32:42 Chain Barding Armor
33:50 Iron Casting
33:04 Pikeman
34:35 Conscription
34:54 Plate Barding Armor
33:57 Cavalier
35:48 Iron Casting
35:55 Hoardings
38:10 Paladin
40:08 Blast Furnace
42:48 Coinage
42:43 Scale Mail Armor
42:39 Bodkin Arrow
45:17 Halberdier
45:57 Squires
47:15 Arson
47:34 Chivalry
47:52 Chain Mail Armor
47:38 Padded Archer Armor
49:45 Plate Mail Armor
49:32 Leather Archer Armor
48:39 Elite Throwing Axeman
53:26 Hoardings
55:05 Masonry
55:40 Siege Engineers
57:02 Architecture
58:56 Ballistics
59:09 #83
59:27 #83
62:29 Chemistry
ME_DEPRIME_JUGAR_CON_USTEDES
8:51 Feudal Age
7:56 Loom
9:27 Double-Bit Axe
10:32 Horse Collar
16:46 Wheelbarrow
17:11 Scale Barding Armor
19:07 Castle Age
17:55 Stone Mining
19:04 Gold Mining
20:24 Bow Saw
24:57 Padded Archer Armor
26:25 Leather Archer Armor
27:10 Bloodlines
32:14 Husbandry
40:02 Imperial Age
42:14 Elite Conquistador
43:16 Conscription
44:03 Ring Archer Armor
46:23 Caravan
47:21 Supremacy
47:42 Hoardings
47:42 Forging
47:32 Scale Mail Armor
49:21 Chain Mail Armor
48:28 Pikeman
49:08 Squires
50:24 Iron Casting
54:35 Plate Mail Armor
55:06 Blast Furnace
53:33 Cavalier
55:49 Two-Man Saw
55:32 Hand Cart
57:20 Heavy Plow
57:37 Devotion
58:01 Fletching
58:32 Chain Barding Armor
60:36 Plate Barding Armor
60:33 Bodkin Arrow
Drachken
8:35 Loom
11:19 Feudal Age
13:06 Wheelbarrow
14:58 Castle Age
13:44 Horse Collar
13:56 Double-Bit Axe
16:49 Bow Saw
18:11 Heavy Plow
30:03 Imperial Age
28:09 Wheelbarrow
27:19 Town Watch
28:23 Scale Barding Armor
28:29 Forging
28:27 Fletching
29:00 Ballistics
28:51 Masonry
29:20 Bloodlines
30:09 Chain Barding Armor
30:25 Iron Casting
29:45 Bodkin Arrow
29:54 Gold Mining
29:56 Stone Mining
30:37 Hand Cart
31:41 Plate Barding Armor
30:59 Cavalier
33:27 Blast Furnace
33:43 Chemistry
33:43 Conscription
34:00 Hoardings
33:48 Ironclad
34:23 Siege Engineers
34:54 Paladin
37:48 Fortified Wall
39:56 Two-Man Saw
39:27 Crop Rotation
51:31 Caravan
Fu Hua
6:41 Loom
9:19 Feudal Age
15:24 Castle Age
14:03 Double-Bit Axe
14:00 Horse Collar
18:34 Sanctity
18:35 Gold Mining
19:49 Fervor
21:41 Fletching
22:09 Atonement
23:07 Bow Saw
22:50 Crossbowman
26:13 Wheelbarrow
25:38 Stone Mining
26:14 Bodkin Arrow
31:20 Imperial Age
30:26 Redemption
30:45 Ballistics
30:55 Padded Archer Armor
30:58 Town Watch
32:10 Bracer
32:43 Illumination
32:34 Block Printing
34:03 Chemistry
35:32 Leather Archer Armor
35:11 Arbalester
38:07 Garland Wars
38:18 Eagle Warrior
39:10 Forging
39:37 Conscription
39:45 Squires
40:38 Theocracy
41:42 Iron Casting
41:38 Heavy Plow
42:38 Scale Mail Armor
42:43 Pikeman
43:29 Elite Eagle Warrior
44:53 Chain Mail Armor
45:57 Plate Mail Armor
46:27 Blast Furnace
46:48 Conscription
47:17 Fortified Wall
48:01 Crop Rotation
48:34 Herbal Medicine
48:50 Capped Ram
49:34 Arson
51:14 Coinage
50:09 Siege Ram
52:20 Caravan
52:52 Gambesons
53:49 Stone Shaft Mining
53:31 Atlatl
52:53 Elite Skirmisher
Phoenix Oath
10:33 Feudal Age
9:32 Loom
13:56 Castle Age
11:53 Double-Bit Axe
12:04 Horse Collar
14:48 Bow Saw
18:09 Heavy Plow
20:48 Wheelbarrow
20:53 Stone Mining
20:56 Gold Mining
21:48 Hand Cart
23:47 Gold Mining
24:38 Fletching
26:59 Ballistics
29:29 Imperial Age
27:24 Bodkin Arrow
28:05 Scale Barding Armor
28:32 Bloodlines
28:22 Husbandry
29:12 Chain Barding Armor
30:24 Plate Barding Armor
29:19 Cavalier
30:43 Forging
31:12 Savar
32:50 Iron Casting
34:23 Blast Furnace
34:17 Scale Mail Armor
34:17 Padded Archer Armor
35:20 Chemistry
34:30 Masonry
34:42 Conscription
34:34 Citadels
35:00 Hoardings
35:29 Two-Man Saw
37:32 Architecture
37:48 Kamandaran
38:34 Capped Ram
39:42 Siege Ram
40:49 Leather Archer Armor
41:28 Gold Shaft Mining
40:44 Stone Mining
41:32 Murder Holes
42:16 Ring Archer Armor
41:37 Heated Shot
41:11 Crossbowman
42:25 Thumb Ring
43:00 Crop Rotation
42:45 Stone Mining
42:43 Town Watch
43:14 Chain Mail Armor
43:01 Squires
42:35 Sappers
43:22 Town Patrol
48:48 Coinage
48:22 Caravan
48:32 Guilds
48:40 Light Cavalry
49:52 Plate Mail Armor
52:23 Arson
53:37 Banking
52:56 Hussar
Mike Death BK-201
4:26 Loom
11:50 Feudal Age
15:47 Horse Collar
15:54 Double-Bit Axe
20:24 Castle Age
22:54 Scale Mail Armor
23:08 Forging
24:03 Chain Mail Armor
24:23 Iron Casting
27:58 Elite Skirmisher
31:30 Fletching
33:23 Wheelbarrow
32:33 Town Watch
33:56 Ballistics
34:39 Bodkin Arrow
37:13 Padded Archer Armor
37:19 Heavy Plow
38:04 Thumb Ring
38:41 Leather Archer Armor
40:05 Bow Saw
40:03 Gold Mining
40:50 Murder Holes
43:40 Imperial Age
44:29 Bracer
44:42 Bloodlines
44:33 Husbandry
47:32 Parthian Tactics
48:37 Parthian Tactics
55:06 Hand Cart
54:22 Heavy Cavalry Archer
Connection lost

Rejoining the realm…

Still unreachable

The connection could not be restored.

Session expired

The server has moved on; the page needs a fresh start.